 Dungeon Crawl Stone Soup version 0.20.0-15-g7f486f2 (webtiles) character file.

1296 Kriby the Cleaver (level 8, 0/73 HPs)
             Began as a Hill Orc Fighter on June 10, 2017.
             Was an Initiate of Makhleb.
             Slain by a troll (7 damage)
             ... on level 6 of the Dungeon.
             The game lasted 00:04:10 (5992 turns).

Kriby the Cleaver (Hill Orc Fighter)                Turns: 5992, Time: 00:04:11

Health: 0/73       AC: 10    Str: 21    XL:     8   Next: 56%
Magic:  11/11      EV:  7    Int:  8    God:    Makhleb [......]
Gold:   352        SH:  9    Dex: 12    Spells: 7/7 levels left

rFire    + . .     SeeInvis .   a - +0 war axe
rCold    . . .     Gourm    .   c - +0 shield
rNeg     . . .     Faith    .   b - +0 scale mail
rPois    .         Spirit   .   (no helmet)
rElec    .         Reflect  .   (no cloak)
rCorr    .         Harm     .   (no gloves)
MR       .....                  t - +2 pair of boots {Stlth+}
Stlth    +.........             (no amulet)
Regen    0.3/turn               d - ring of protection from fire
MPRegen  0.2/turn               h - +2 ring of dexterity

@: no status effects
A: no striking features
a: Renounce Religion


You were on level 6 of the Dungeon.
You worshipped Makhleb.
Makhleb was noncommittal.
You were not hungry.

You visited 2 branches of the dungeon, and saw 7 of its levels.

You collected 352 gold pieces.

Inventory:

Hand Weapons
 a - a +0 war axe (weapon)
 w - a +0 flail
Armour
 b - a +0 scale mail (worn)
 c - a +0 shield (worn)
 t - a +2 pair of boots of stealth (worn)
Jewellery
 d - a ring of protection from fire (left hand)
 h - a +2 ring of dexterity (right hand)
Wands
 z - a wand of enslavement (6/24)
Scrolls
 e - 3 scrolls of magic mapping {unknown}
 i - 5 scrolls of remove curse {unknown}
 j - 2 scrolls of immolation {unknown}
 k - a scroll of enchant weapon {unknown}
 n - 2 scrolls of random uselessness {unknown}
 o - 4 scrolls of identify {unknown}
 q - 3 scrolls of recharging {unknown}
 v - a scroll of teleportation {unknown}
 x - a scroll of fog {unknown}
 y - a scroll of amnesia {unknown}
 A - 3 scrolls of blinking {unknown}
Potions
 g - 2 potions of cancellation
 l - a potion of berserk rage {unknown}
 m - 2 potions of flight {unknown}
 p - a potion of brilliance {unknown}
 r - a potion of haste
 s - a potion of agility {unknown}
 C - a potion of lignification {unknown}
 E - a potion of heal wounds {unknown}
Books
 u - a book of Misfortune

   Spells                             Type                      Level
   a - Confusing Touch                Hexes                        1
   b - Confuse                        Hexes                        3
   c - Gell's Gravitas                Translocation                3
   d - Petrify                        Transmutation/Earth          4
   e - Metabolic Englaciation         Hexes/Ice                    5
   f - Yara's Violent Unravelling     Hexes/Transmutation          5
Comestibles
 f - 3 bread rations
 B - a royal jelly


   Skills:
 + Level 7.3 Fighting
 * Level 10.4 Axes
 - Level 3.2 Armour
 - Level 3.2 Shields
 + Level 4.4 Invocations


You had 7 spell levels left.
You didn't know any spells.

Dungeon Overview and Level Annotations

Branches:
Dungeon (6/15)             Temple (1/1) D:4

Altars:
Ashenzari
Cheibriados
Dithmenos
Elyvilon
Fedhas
Gozag
Makhleb
Okawaru
Qazlal
Ru
Sif Muna
Uskayaw
Vehumet
Xom
Yredelemnul
Zin
The Shining One


Message History

You block the troll's attack. The troll claws you but does no damage.
The troll claws you!
You are too injured to fight recklessly!
You are too injured to fight recklessly!
You are too injured to fight recklessly!
You slash the troll!
The troll is heavily wounded.
The troll bites you but does no damage. The troll claws you but does no damage.
The troll claws you.
You barely miss the troll.
The troll is heavily wounded.
The troll bites you!
* * * LOW HITPOINT WARNING * * *
The troll claws you!
* * * LOW HITPOINT WARNING * * *
You block the troll's attack.
You closely miss the troll.
The troll is heavily wounded.
The troll bites you but does no damage. The troll claws you!
You die...

#### ## #...##
#.####### #......
#......#
##.......
#.....###.......
##...............
#...........#....
#.......##@.# #
#....#####T.#
##....# #).#
#>....# #..#
#....## ##.#
##....# ..
#....## .. #....#
..# #####....##


You could see a troll.

Vanquished Creatures
  The ghost of Naow the Firebug, an amateur OpFE (D:5)
  Sigmund (D:2)
  2 sky beasts (D:5)
  An ice beast (D:6)
  An ogre (D:4)
  A centaur (D:5)
  2 scorpions
  A howler monkey (D:5)
  A crimson imp (D:6)
  A centaur skeleton (D:3)
  A hound (D:6)
  Ijyb (D:5)
  3 worker ants
  A hound zombie (D:6)
  11 adders
  An ooze (D:4)
  An adder skeleton (D:4)
  2 worms
  3 dart slugs
  4 leopard geckos
  2 orcs
  A ball python (D:5)
  5 giant cockroaches
  3 hobgoblins
  4 jackals (D:3)
  5 quokkas
  8 bats
  8 frilled lizards
  6 goblins
  5 kobolds
  A quokka skeleton (D:4)
  8 rats
96 creatures vanquished.

Notes
Turn   | Place    | Note
-------+----------+-------------------------------------------
     0 | D:1      | Kriby the Hill Orc Fighter began the quest for the Orb.
     0 | D:1      | Reached XP level 1. HP: 19/19 MP: 1/1
   196 | D:1      | Reached skill level 3 in Axes
   265 | D:1      | Reached XP level 2. HP: 27/27 MP: 2/2
   681 | D:2      | Reached skill level 4 in Axes
   681 | D:2      | Reached XP level 3. HP: 15/33 MP: 3/3
  1182 | D:2      | Reached skill level 5 in Axes
  1182 | D:2      | Reached XP level 4. HP: 35/40 MP: 4/4
  1560 | D:2      | Noticed Sigmund
  1579 | D:2      | Killed Sigmund
  1579 | D:2      | Reached skill level 5 in Fighting
  1579 | D:2      | Reached skill level 6 in Axes
  1579 | D:2      | Reached XP level 5. HP: 10/48 MP: 5/5
  2129 | D:3      | Reached XP level 6. HP: 43/56 MP: 6/6
  2326 | D:3      | Found a shadowy altar of Dithmenos.
  2344 | D:3      | Reached skill level 7 in Axes
  3118 | D:4      | Found a glowing golden altar of the Shining One.
  3265 | D:4      | Reached skill level 8 in Axes
  3368 | D:4      | Found a staircase to the Ecumenical Temple.
  3510 | Temple   | Entered the Ecumenical Temple
  3703 | Temple   | Became a worshipper of Makhleb the Destroyer
  3890 | D:4      | Reached XP level 7. HP: 60/63 MP: 7/7
  4036 | D:4      | Reached skill level 1 in Invocations
  4213 | D:5      | Entered Level 5 of the Dungeon
  4232 | D:5      | Noticed Naow's ghost (amateur OpFE)
  4250 | D:5      | Killed Naow's ghost
  4620 | D:5      | Reached skill level 9 in Axes
  4637 | D:5      | Noticed Ijyb
  4649 | D:5      | Found an iron altar of Okawaru.
  4681 | D:5      | Killed Ijyb
  4701 | D:5      | HP: 2/64 [something (6)]
  4713 | D:5      | Reached XP level 8. HP: 16/71 MP: 10/10
  5397 | D:5      | Reached skill level 10 in Axes
  5664 | D:6      | Found a white marble altar of Elyvilon.
  5665 | D:6      | Found a hide-covered altar of Uskayaw.
  5866 | D:6      | Found a shimmering altar of Xom.
  5870 | D:6      | Found a stormy altar of Qazlal.
  5885 | D:6      | Found a blossoming altar of Fedhas.
  5985 | D:6      | Noticed a troll
  5992 | D:6      | Slain by a troll

Skill      XL: |  1  2  3  4  5  6  7  8 |
---------------+-------------------------+-----
Axes           | 3 4 5 6 8 9 10 | 10.4
Fighting       | 4 5 6 7 |  7.3
Invocations    | 3 4 |  4.4
Armour         | |  3.2
Shields        | |  3.2

Action                   |  1- 3 |  4- 6 |  7- 9 || total
-------------------------+-------+-------+-------++-------
Melee: War axe           |   104 |   132 |   175 ||   411
  Use: Potion            |       |       |     7 ||     7
  Eat: Chunk             |     1 |     8 |     7 ||    16
Armor: Scale mail        |    40 |    56 |    79 ||   175
Dodge: Dodged            |    42 |    33 |    37 ||   112
Block: Shield            |    51 |    61 |    67 ||   179
